 Dungeon Crawl Stone Soup version 0.27.1 (webtiles) character file.

Game seed: 17548179849288027665

370 TinyDot the Vexing (level 6, -22/47 HPs)
             Began as a Gnoll Arcane Marksman on Aug 24, 2021.
             Was a Priest of Nemelex Xobeh.
             Annihilated by an ogre (27 damage)
             ... on level 4 of the Dungeon.
             The game lasted 00:43:34 (5562 turns).

TinyDot the Vexing (Gnoll Arcane Marksman)          Turns: 5562, Time: 00:43:35

Health: -22/47     AC: 10    Str: 10    XL:     6   Next: 70%
Magic:  11/11      EV: 12    Int: 12    God:    Nemelex Xobeh [***...]
Gold:   166        SH:  0    Dex: 14    Spells: 9/12 levels left

rFire    . . .     SeeInvis .   u - +2 hunting sling (vorpal)
rCold    . . .     Faith    .   (no shield)
rNeg     . . .     Spirit   .   B - +0 ring mail
rPois    .         Reflect  .   (no helmet)
rElec    .         Harm     .   I - +2 cloak
rCorr    .         Rampage  .   (no gloves)
Will     .....                  G - +1 pair of boots
Stlth    +.........             (no amulet)
HPRegen  0.15/turn              (no ring)
MPRegen  0.12/turn              (no ring)

@: no status effects
A: fangs 1, strong nose, distributed training
a: Renounce Religion, Draw Escape, Draw Destruction, Draw Summoning, Triple Draw


You were on level 4 of the Dungeon.
You worshipped Nemelex Xobeh.
Nemelex Xobeh was most pleased with you.
You visited 1 branch of the dungeon, and saw 4 of its levels.

You collected 166 gold pieces.

Inventory:

Hand Weapons
 a - a +0 hand crossbow
 g - a +0 spear
 u - a +2 vorpal hunting sling (weapon)
 x - a +0 trident
 z - a +0 war axe
 A - a +0 giant club
 D - a +2 dagger of draining
 E - a +0 dagger of electrocution
 F - a +2 falchion of flaming
Missiles
 b - 13 poisoned darts
 c - 2 bolts
 e - 21 sling bullets (quivered ammo)
 v - 14 stones
Armour
 d - a +0 robe
 l - a +0 chain mail
 y - a +0 leather armour
 B - a +0 ring mail (worn)
 G - a +1 pair of boots (worn)
 I - a +2 cloak (worn)
Scrolls
 f - a scroll of holy word
 h - 2 scrolls of teleportation
 j - a scroll of enchant armour {unknown}
 m - a scroll of noise {unknown}
 p - 2 scrolls of vulnerability
 C - a scroll of magic mapping
Potions
 n - 3 potions of flight
 q - a potion of curing {unknown}
 r - a potion of heal wounds {unknown}
 w - a potion of berserk rage


   Skills:
 + Level 3.3 Fighting
 + Level 2.1 Short Blades
 + Level 2.1 Long Blades
 + Level 2.1 Axes
 + Level 2.1 Maces & Flails
 + Level 2.1 Polearms
 + Level 2.1 Staves
 + Level 2.1 Slings
 + Level 2.1 Bows
 + Level 5.0 Crossbows
 + Level 2.1 Throwing
 + Level 2.1 Armour
 + Level 5.0 Dodging
 + Level 2.1 Stealth
 + Level 2.1 Shields
 + Level 2.1 Unarmed Combat
 + Level 3.5 Spellcasting
 + Level 1.6 Conjurations
 + Level 5.7 Hexes
 + Level 1.6 Summonings
 + Level 1.6 Necromancy
 + Level 1.6 Translocations
 + Level 1.6 Transmutations
 + Level 1.6 Fire Magic
 + Level 1.6 Ice Magic
 + Level 1.6 Air Magic
 + Level 1.6 Earth Magic
 + Level 1.6 Poison Magic
 + Level 2.3 Invocations
 + Level 2.1 Evocations


You had 9 spell levels left.
You knew the following spells:

 Your Spells              Type           Power      Damage    Failure   Level
a - Corona                Hex            16%        N/A       5%          1
b - Slow                  Hex            15%        N/A       9%          2

Your spell library contained the following spells:

 Spells                   Type           Power      Damage    Failure   Level
 Inner Flame              Hex/Fire       10%        N/A       36%         3
 Portal Projectile        Hex/Tloc       20%        N/A       36%         3
 Cause Fear               Hex            7%         N/A       50%         4
 Call Canine Familiar     Summ           6%         N/A       65%         3
 Leda's Liquefaction      Hex/Erth       5%         N/A       78%         4


Dungeon Overview and Level Annotations

Branches:
Dungeon (4/15)
 Temple: D:4-7

Altars:
Nemelex Xobeh
Vehumet
The Shining One


Innate Abilities, Weirdness & Mutations

You have very sharp teeth.
Your uncanny sense of smell can sniff out nearby items.
Your experience applies equally to all skills.


Message History

As you read the scroll of teleportation, it crumbles to dust.
You feel strangely unstable. The ogre completely misses you.
Your surroundings suddenly seem different.
Found a hand axe.
Found an escape hatch in the floor and an escape hatch in the ceiling.
You see here a +0 hand axe.
The ogre closely misses you. The ogre misses you. The ogre barely misses you.
The ogre hits you with a +0 giant spiked club.
The ogre hits you with a +0 giant spiked club!
The ogre hits you with a +0 giant spiked club!
* * * LOW HITPOINT WARNING * * *
The ogre closely misses you. The ogre closely misses you.
The ogre hits you with a +0 giant spiked club!
* * * LOW HITPOINT WARNING * * *
The ogre closely misses you. The ogre misses you.
There is an escape hatch in the ceiling here.
Really attack while wielding your +2 vorpal hunting sling? [Y]es or [N]o only, please.
Really attack while wielding your +2 vorpal hunting sling? [Y]es or [N]o only, please.
Really attack while wielding your +2 vorpal hunting sling? [Y]es or [N]o only, please.
Really attack while wielding your +2 vorpal hunting sling? [Y]es or [N]o only, please.
Really attack while wielding your +2 vorpal hunting sling? [Y]es or [N]o only, please.
Really attack while wielding your +2 vorpal hunting sling? [Y]es or [N]o only, please.
Really attack while wielding your +2 vorpal hunting sling? [Y]es or [N]o only, please.
Really attack while wielding your +2 vorpal hunting sling?
Okay, then.
The ogre hits you with a +0 giant spiked club!!
Ouch! That really hurt!
You die...
Your body disappears without a glow.

....##.##..# .#
#..........# .
#..........# ∆
#......##### ######..#
##.# #.# #.# #########
#†# #.....@.# #.#
#.#####O# #.# #.# #[#
#####.#### #.#
#>.......#### ####
##.## #.###.......#
...###...## #.)#.##.#
#
##.##.....#.#.###..#.#
#
.#...................#
#####


You could see an ogre.

Vanquished Creatures
  A black bear (D:4)
  A bullfrog (D:4)
  An orc priest (D:4)
  An iguana (D:4)
  An orc wizard (D:4)
  5 adders
  An adder skeleton (D:4)
  2 dart slugs
  6 orcs (D:4)
  6 endoplasms
  A giant cockroach (D:1)
  10 goblins
  9 hobgoblins
  2 jackals (D:2)
  6 quokkas
  8 ball pythons
  4 bats
  A frilled lizard (D:1)
  4 kobolds
  6 rats
76 creatures vanquished.

Notes
Turn   | Place    | Note
-------+----------+-------------------------------------------
     0 | D:1      | TinyDot the Gnoll Arcane Marksman began the quest for the
                  | Orb.
     0 | D:1      | Reached XP level 1. HP: 17/17 MP: 4/4
   261 | D:1      | Reached XP level 2. HP: 15/23 MP: 5/5
  1089 | D:1      | Reached XP level 3. HP: 18/28 MP: 7/7
  1140 | D:1      | Noticed an eye of devastation
  1179 | D:1      | Found a faded altar of an unknown god.
  1181 | D:1      | Noticed an eye of devastation
  1184 | D:1      | Noticed an eye of devastation
  1184 | D:1      | Noticed a golden eye
  1199 | D:1      | Became a worshipper of Nemelex Xobeh the Trickster
  1199 | D:1      | Reached * piety under Nemelex Xobeh
  1398 | D:2      | Received a gift from Nemelex Xobeh
  1459 | D:2      | Reached skill level 1 in Invocations
  1463 | D:2      | Learned a level 2 spell: Slow
  1644 | D:2      | Reached skill level 1 in Short Blades
  1644 | D:2      | Reached skill level 1 in Long Blades
  1644 | D:2      | Reached skill level 1 in Axes
  1644 | D:2      | Reached skill level 1 in Maces & Flails
  1644 | D:2      | Reached skill level 1 in Polearms
  1644 | D:2      | Reached skill level 1 in Staves
  1644 | D:2      | Reached skill level 1 in Slings
  1644 | D:2      | Reached skill level 1 in Bows
  1644 | D:2      | Reached skill level 1 in Throwing
  1644 | D:2      | Reached skill level 1 in Armour
  1644 | D:2      | Reached skill level 1 in Stealth
  1644 | D:2      | Reached skill level 1 in Shields
  1644 | D:2      | Reached skill level 1 in Unarmed Combat
  1644 | D:2      | Reached skill level 1 in Evocations
  2231 | D:2      | Reached XP level 4. HP: 34/34 MP: 8/8
  2927 | D:3      | Reached ** piety under Nemelex Xobeh
  2944 | D:3      | Reached skill level 1 in Conjurations
  2944 | D:3      | Reached skill level 1 in Summonings
  2944 | D:3      | Reached skill level 1 in Necromancy
  2944 | D:3      | Reached skill level 1 in Translocations
  2944 | D:3      | Reached skill level 1 in Transmutations
  2944 | D:3      | Reached skill level 1 in Fire Magic
  2944 | D:3      | Reached skill level 1 in Ice Magic
  2944 | D:3      | Reached skill level 1 in Air Magic
  2944 | D:3      | Reached skill level 1 in Earth Magic
  2944 | D:3      | Reached skill level 1 in Poison Magic
  3861 | D:4      | Found a glowing golden altar of the Shining One.
  3967 | D:4      | Reached XP level 5. HP: 40/40 MP: 6/9
  4507 | D:4      | Noticed an ogre
  4543 | D:4      | an ogre changed into a bullfrog
  4545 | D:4      | Reached XP level 6. HP: 35/47 MP: 6/10
  4668 | D:4      | Found a radiant altar of Vehumet.
  5131 | D:4      | Noticed a black bear
  5160 | D:4      | Killed a black bear
  5161 | D:4      | Reached skill level 5 in Crossbows
  5161 | D:4      | Reached skill level 5 in Dodging
  5407 | D:4      | Reached *** piety under Nemelex Xobeh
  5562 | D:4      | Annihilated by an ogre

Illustrated notes

Levels and vault maps discovered:
D:1:      sevenhm_arrival_forest_fort_large_4, layout_basic,
          hellmonk_ecumenical_altar_watching_god
D:2:      layout_loops_ring
D:3:      layout_basic
D:4:      layout_loops_corners, nicolae_overflow_crystal_walls,
          mainiacjoe_overflow_six_doors_small, portal_sewer_entry_e

Skill      XL: |  1  2  3  4  5  6 |
---------------+-------------------+-----
Invocations    | 1 2 |  2.3
Short Blades   | 1 2 |  2.1
Long Blades    | 1 2 |  2.1
Axes           | 1 2 |  2.1
Maces & Flails | 1 2 |  2.1
Polearms       | 1 2 |  2.1
Staves         | 1 2 |  2.1
Slings         | 1 2 |  2.1
Bows           | 1 2 |  2.1
Throwing       | 1 2 |  2.1
Armour         | 1 2 |  2.1
Stealth        | 1 2 |  2.1
Shields        | 1 2 |  2.1
Unarmed Combat | 1 2 |  2.1
Evocations     | 1 2 |  2.1
Spellcasting   | 3 |  3.5
Conjurations   | 1 |  1.6
Summonings     | 1 |  1.6
Necromancy     | 1 |  1.6
Translocations | 1 |  1.6
Transmutations | 1 |  1.6
Fire Magic     | 1 |  1.6
Ice Magic      | 1 |  1.6
Air Magic      | 1 |  1.6
Earth Magic    | 1 |  1.6
Poison Magic   | 1 |  1.6
Fighting       | 3 |  3.3
Crossbows      | 5 |  5.0
Dodging        | 5 |  5.0
Hexes          | |  5.7

Action                   |  1- 3 |  4- 6 || total
-------------------------+-------+-------++-------
Melee: Spear             |    36 |    22 ||    58
       Mace              |       |     9 ||     9
       Bite              |       |     2 ||     2
       Punch             |       |     1 ||     1
       War axe           |       |     3 ||     3
       Falchion          |       |     1 ||     1
 Fire: Hand crossbow     |    79 |    64 ||   143
       Hunting sling     |       |    18 ||    18
 Cast: Slow              |     6 |    35 ||    41
       Corona            |       |    11 ||    11
Invok: Draw Destruction  |       |     3 ||     3
  Use: Scroll            |       |     7 ||     7
Armor: Leather armour    |    18 |    11 ||    29
       Chain mail        |     8 |       ||     8
       Ring mail         |       |     7 ||     7
Dodge: Dodged            |    53 |    74 ||   127
       Rpst.: Falchion   |       |     1 ||     1
